 Dungeon Crawl Stone Soup version 0.14-a0-1474-g1105da3 (webtiles) character file.

598 Pr0man the Slasher (level 6, -13/55 HPs)
             Began as a Minotaur Fighter on Dec 14, 2013.
             Killed from afar by a giant eyeball (16 damage)
             ... with an exploding inner flame
             ... on Level 4 of the Dungeon.
             The game lasted 00:06:02 (2431 turns).

Pr0man the Slasher (Minotaur Fighter)               Turns: 2431, Time: 00:06:02

HP -13/55        AC  7     Str 23      XL: 6   Next: 56%
MP   3/3         EV  7     Int  8      God:
Gold 193         SH 20     Dex  9      Spells:  0 memorised,  5 levels left

rFire  + . .     SeeInvis .     a - +0 falchion
rCold  . . .     Clarity  .     b - +0 scale mail
rNeg   . . .     Conserve .     c - +0 shield
rPois  .         rCorr    .     n - +0 cap {Int+3}
rElec  .         rRot     .     (no cloak)
SustAb . .       Spirit   .     (no gloves)
rMut   .         Warding  .     (no boots)
Saprov . . .     Stasis   .     (no amulet)
                                (no ring)
                                q - cursed ring of protection from fire

@: mildly poisoned, slightly resistant to hostile enchantments, extremely
unstealthy
A: retaliatory headbutt, horns 2
a: no special abilities


You were on level 4 of the Dungeon.
You were hungry.

You visited 1 branch of the dungeon, and saw 4 of its levels.
You also visited: Sewer.

You collected 193 gold pieces.

Inventory:

Hand weapons
 a - a +0,+0 falchion (weapon)
Armour
 b - a +0 scale mail (worn)
 c - a +0 shield (worn)
 n - a +0 cap of intelligence (worn)
Comestibles
 d - 5 bread rations
 w - a lemon
 x - a rotting chunk of rat flesh
Scrolls
 g - a scroll of recharging {unknown}
 h - 2 scrolls of remove curse
 l - a scroll of identify {unknown}
 r - a scroll of blinking {unknown}
 t - 2 scrolls of random uselessness {unknown}
 u - a scroll of noise {unknown}
 v - a scroll of teleportation {unknown}
Jewellery
 q - a cursed ring of protection from fire (left hand)
 s - a cursed ring of teleportation {unknown}
Potions
 e - 3 potions of curing {unknown}
 f - 5 potions of heal wounds {unknown}
 i - a potion of might {unknown}
 j - a potion of magic {unknown}
 k - a potion of agility {unknown}
 z - a potion of beneficial mutation {unknown}
 A - 2 potions of flight
Books
 o - a Grand Grimoire {highlevel}

   This book is beyond your current level of understanding.

   Spells                             Type                      Level
   Demonic Horde                      Summoning                    6
   Mass Abjuration                    Summoning                    6
   Haunt                              Necromancy/Summoning         7
   Summon Greater Demon               Summoning                    7
   Malign Gateway                     Summoning/Translocation      7
   Summon Horrible Things             Summoning                    8


   Skills:
 + Level 4.9 Fighting
 * Level 5.9 Long Blades
 + Level 5.0 Armour
 + Level 5.2 Shields


You had 5 spell levels left.
You didn't know any spells.

Dungeon Overview and Level Annotations

Branches:
Dungeon (4/16)
 Temple: D:4-7

Altars:
Yredelemnul

Annotations:
D:4 Sigmund


Innate Abilities, Weirdness & Mutations

You reflexively headbutt those who attack you in melee.
You have a pair of horns on your head.


Message History

It hits you!
* * * LOW HITPOINT WARNING * * *
The giant eyeball stares at you.
You suddenly lose the ability to move!
The adder bites you but does no damage. The orc hits you but does no damage.
* * * LOW HITPOINT WARNING * * *
You feel sick. It hits you but does no damage.
The orc hits you but does no damage. The adder bites you but does no damage.
The orc barely misses you. The adder bites you but does no damage.
It hits you but does no damage. The orc hits you but does no damage.
You can move again.
Your unstable footing causes you to fumble your attack.
* * * LOW HITPOINT WARNING * * *
You feel sick. The adder barely misses you. You furiously retaliate!
You headbutt the adder.
The adder explodes!
The fiery explosion engulfs the giant eyeball.
The giant eyeball explodes!
The fiery explosion engulfs you! You resist.
You are wearing:
q - a cursed ring of protection from fire (left hand)
You die...

.... # #........
.......... #. .......... .
. # ##.###........#
#....... #....#.......#
....#...
#.<....§§§....###......#.
......§§§o....##.#.......
......§§@o....#..........
......≈§≈§≈........[......
......≈≈.≈≈...............
......≈≈≈≈≈..%............
##....≈≈≈.......##.#...#.
..............###.#.#.##.
.#............##.......##
#.............##.#....##
..#.#.........####....#


You could see 2 orcs.

Vanquished Creatures
  Menkaure (D:4)
  A big kobold (Sewer)
  A big fish (Sewer)
  A human zombie (D:2)
  Ijyb (D:3)
  Jessica (D:2)
  A green rat (D:4)
  4 adders
  A worm (D:3)
  An inept feature mimic (D:3)
  3 orcs (D:3)
  A ball python (D:4)
  3 giant cockroaches
  2 goblins (D:4)
  4 grey rats (Sewer)
  6 hobgoblins
  14 jackals
  3 bats
  2 giant newts (D:2)
  A jackal zombie (D:2)
  6 kobolds
  5 rats
63 creatures vanquished.

Notes
Turn   | Place    | Note
--------------------------------------------------------------
     0 | D:1      | Pr0man, the Minotaur Fighter, began the quest for the Orb.
     0 | D:1      | Reached XP level 1. HP: 19/19 MP: 1/1
   208 | D:1      | Reached XP level 2. HP: 27/27 MP: 1/1
  1093 | D:2      | Reached skill level 4 in Fighting
  1093 | D:2      | Reached XP level 3. HP: 28/33 MP: 2/2
  1097 | D:2      | Found a basalt altar of Yredelemnul.
  1320 | D:2      | Noticed Jessica
  1327 | D:2      | Killed Jessica
  1327 | D:2      | Reached XP level 4. HP: 30/40 MP: 2/2
  1638 | D:3      | Noticed Ijyb
  1661 | D:3      | Killed Ijyb
  1868 | D:3      | Reached XP level 5. HP: 46/46 MP: 2/2
  2154 | D:4      | Noticed Menkaure
  2163 | D:4      | Killed Menkaure
  2163 | D:4      | Reached skill level 5 in Long Blades
  2163 | D:4      | Reached XP level 6. HP: 40/53 MP: 3/3
  2208 | D:4      | Found a glowing drain.
  2244 | Sewer    | Entered a sewer
  2252 | Sewer    | Reached skill level 5 in Shields
  2324 | Sewer    | Reached skill level 5 in Armour
  2341 | Sewer    | Found a white marble altar of Elyvilon.
  2413 | D:4      | Noticed Sigmund
  2413 | D:4      | Paralysed by a giant eyeball for 4 turns
  2419 | D:4      | Paralysed by a giant eyeball for 4 turns
  2428 | D:4      | Paralysed by a giant eyeball for 3 turns
  2431 | D:4      | Killed from afar by a giant eyeball

Action                   |  1- 3 |  4- 6 || total
-------------------------+-------+-------++-------
Melee: Falchion          |    71 |   143 ||   214
  Use: Scroll            |       |     4 ||     4
